AoeStats
← MooseMooch

Arabia

508948176Analyzed
1v1 RM · 8d ago on Sep 24, 2026· 33m 56s· 2 players
Game mode
Random Map
Map size
Tiny (2 player)
Population
200
Speed
Normal
Resources
Standard
Victory
Conquest
Starting age
Dark Age
Ending age
Imperial Age
RankedLock teamsTeams togetherTeam positionsShared explorationLock speedFull tech treeHidden civsTurbo modeCheats
Victory
Defeat
🇩🇪 Bulgarians · Germany
1201
+17
🇲🇽 Franks · Mexico
1221
-17
MooseMooch
6:53 Loom
9:18 Feudal Age
9:46 Double-Bit Axe
9:46 Horse Collar
15:37 Forging
16:09 Scale Barding Armor
18:52 Wheelbarrow
19:42 Bloodlines
26:04 Castle Age
26:09 Light Cavalry
26:50 Husbandry
27:29 Iron Casting
27:20 Bow Saw
27:16 Gold Mining
27:57 Chain Barding Armor
30:28 Heavy Plow
Elpinchecharly
6:25 Loom
8:52 Feudal Age
9:22 Town Watch
9:23 Double-Bit Axe
22:40 Castle Age
22:37 Forging
22:44 Gold Mining
24:29 Bow Saw
26:45 Iron Casting
29:29 Fletching
29:49 Pikeman
31:01 Bodkin Arrow
Connection lost

Rejoining the realm…

Still unreachable

The connection could not be restored.

Session expired

The server has moved on; the page needs a fresh start.